 Dungeon Crawl Stone Soup version 0.24.1-14-gf8d2b509d9 (webtiles) character file.

Game seed: 15022487967740725746, levelgen mode: deterministic

6288 H0rd4k the Slicer (level 11, -11/80 HPs)
             Began as a Human Artificer on May 18, 2020.
             Was an Initiate of Gozag.
             Killed from afar by a rime drake (21 damage)
             ... with a flash freeze
             ... on level 1 of the Orcish Mines.
             The game lasted 00:30:27 (11154 turns).

H0rd4k the Slicer (Human Artificer)                Turns: 11154, Time: 00:30:27

Health: -11/80     AC:  9    Str: 15    XL:     11   Next: 15%
Magic:  16/16      EV: 21    Int: 17    God:    Gozag
Gold:   969        SH:  0    Dex: 14    Spells: 13/16 levels left

rFire    + . .     SeeInvis .   p - +3 dagger (venom)
rCold    . . .     Gourm    .   (no shield)
rNeg     . . .     Faith    .   k - +3 leather armour {rF+}
rPois    .         Spirit   .   (no helmet)
rElec    .         Reflect  .   (no cloak)
rCorr    .         Harm     .   J - +1 pair of gloves
MR       .....                  (no boots)
Stlth    +++.......             (no amulet)
HPRegen  0.23/turn              r - +5 ring of intelligence
MPRegen  0.15/turn              F - +5 ring of evasion

@: about to teleport, very slightly contaminated
A: no striking features
a: Potion Petition, Call Merchant, Bribe Branch, Renounce Religion


You were on level 1 of the Orcish Mines.
You worshipped Gozag.
Gozag was pleased with you.
You were very hungry.

You visited 3 branches of the dungeon, and saw 12 of its levels.

You collected 1078 gold pieces.
You paid 109 gold pieces to Gozag.

Inventory:

Hand Weapons
 p - a +3 dagger of venom (weapon)
 x - a +2 dagger of flaming
 M - the +2 hunting sling of Zaett {velocity, rElec rN+}
   (You found it on level 7 of the Dungeon)

   Any stone fired from it inflicts extra damage.
   It insulates you from electricity.
   It protects you from negative energy.
Armour
 k - a +3 leather armour of fire resistance (worn)
 E - a +4 scale mail of fire resistance
 J - a +1 pair of gloves (worn)
Magical Staves
 D - an uncursed staff of energy
Jewellery
 q - an uncursed ring of wizardry
 r - a +5 ring of intelligence (left hand)
 F - a +5 ring of evasion (right hand)
 N - an uncursed ring of positive energy
 Q - an uncursed ring of magical power
Wands
 c - a wand of iceblast (2)
 y - a wand of acid (8)
 S - a wand of digging (5)
Scrolls
 g - 6 scrolls of remove curse
 i - 2 scrolls of teleportation
 l - 4 scrolls of amnesia
 u - 2 scrolls of fear
 z - a scroll of fog
 C - 2 scrolls of immolation {unknown}
 R - a scroll of silence {unknown}
Potions
 j - 2 potions of brilliance
 o - 2 potions of flight
 B - a potion of lignification
 G - a potion of resistance
 H - 2 potions of mutation
 I - a potion of curing
 O - a potion of degeneration {unknown}
Comestibles
 f - 14 rations


   Skills:
 + Level 5.5 Fighting
 + Level 8.3 Short Blades
 + Level 5.5 Armour
 + Level 7.1 Dodging
 + Level 5.6 Stealth
 * Level 3.0 Spellcasting
 + Level 2.4 Transmutations
 - Level 6.7 Evocations


You had 13 spell levels left.
You knew the following spells:

 Your Spells              Type           Power        Failure   Level  Hunger
a - Beastly Appendage     Tmut           ##....       8%          1    None
b - Sticks to Snakes      Tmut           ##......     12%         2    ##.....

Your spell library contained the following spells:

 Spells                   Type           Power        Failure   Level  Hunger
 Passwall                 Tmut/Erth      #.......     19%         2    ##.....
 Corona                   Hex            #......      21%         1    None
 Flame Tongue             Conj/Fire      #....        21%         1    None
 Sandblast                Erth           #.....       21%         1    None
 Slow                     Hex            #.......     30%         2    ##.....
 Spider Form              Tmut/Pois      #.........   36%         3    ###....
 Inner Flame              Hex/Fire       #.......     52%         3    ###....
 Portal Projectile        Hex/Tloc       #.....       52%         3    ###....
 Stone Arrow              Conj/Erth      #.....       52%         3    ###....
 Ice Form                 Ice/Tmut       #.......     77%         4    ####...
 Petrify                  Tmut/Erth      #.......     77%         4    ####...
 Cause Fear               Hex            #.........   90%         4    ####...
 Leda's Liquefaction      Hex/Erth       #.........   90%         4    ####...
 Blade Hands              Tmut           ##........   91%         5    ######.
 Lee's Rapid Deconstruct  Erth           #.........   99%         5    ######.


Dungeon Overview and Level Annotations

Branches:
Dungeon (10/15)            Temple (1/1) D:5             Orc (1/2) D:9
   Lair: D:8-11

Altars:
Ashenzari
Cheibriados
Dithmenos
Elyvilon
Fedhas
Gozag
Hepliaklqana
Kikubaaqudgha
Makhleb
Nemelex Xobeh
Okawaru
Qazlal
Ru
Sif Muna
Trog
Uskayaw
Vehumet
Wu Jian
Xom
Yredelemnul
Zin
The Shining One

Annotations:
D:5 3 runed translucent doors, Struensee's ghost, novice OgBe
D:9 exclusions: downstairs and hydra
D:10 !unseen, exclusion: komodo dragon
Orc:1 Harold


Message History

The gnoll barely misses you.
The orc sorcerer gestures wildly while chanting.
The orc hits you with a +0 hand axe.
* * * LOW HITPOINT WARNING * * *
You hear an angry hiss.
Blink to where?
Press: ? - help, Dir - move target cursor
As you read the scroll of blinking, it crumbles to dust. 2 rime drakes come into view.
The gnoll misses you.
Harold the Weathered comes into view.
He is wielding a +1 trident of piercing, wearing a +1 scale mail of magic resistance and carrying a wand of enslavement (3).
An orc comes into view. It is wielding a +0 hand axe.
Okay, then.
Unknown command.
As you read the scroll of teleportation, it crumbles to dust.
You feel strangely unstable. The rime drake breathes ice at you.
The flash freeze hits you!!
You die...
Your body crumbles into a pile of gold.

*,,,*,,*,,,,,,,,,,*,,,,,,,
**,,...##,,......*,,,,*,,,
**,,,....##......,*,,*,,,,
*,,,,,........>........o,,
**,,,*#...$..........#.#.$
**,###..........$...o#...
**.##.....gg.#.........#..
*,............#...........
**,.......@g...oo..........
**≈≈≈≈≈....#o...g.o.........
*,≈*####...,#.....O......o..
*,≈*,,.....*##...##o...o.3..
*,≈*...k.≈.,*#...##...o.o4..
*,≈*...≈#..,*#..##...o..oo.o
*,,*..k#≈..,..,,##.....oo...
**,,.@#≈.##..,,*#...$..#.#.#
**,,≈,****#,**#.....$..#...


You could see Harold, 2 rime drakes, an orc warrior, an ogre, an orc wizard, 4
gnolls and 2 orcs.

Vanquished Creatures
  Pikel (D:4)
  An orc knight (D:9)
  3 orc warriors
  A troll (D:9)
  A hippogriff (D:8)
  2 dream sheep (D:9)
  3 yaks (D:9)
  A hungry ghost (D:9)
  A warg (D:9)
  A steam dragon (D:9)
  A hornet zombie (D:9)
  2 sky beasts
  2 ice beasts
  2 phantoms
  4 ogres
  3 centaurs
  A crocodile (D:8)
  3 big kobolds (D:9)
  2 bullfrogs (D:7)
  A gnoll sergeant (D:8)
  A wyvern skeleton (D:6)
  2 scorpions
  Dowan (D:4)
  9 killer bees
  3 howler monkeys (D:7)
  A crimson imp (D:8)
  A hound (D:10)
  A quasit (D:6)
  A bullfrog zombie (D:9)
  5 orc priests
  2 bullfrog skeletons
  Terence (D:3)
  6 orc wizards
  7 worker ants
  2 hound zombies
  A hound skeleton (D:6)
  A worker ant zombie (D:10)
  3 gnolls (D:8)
  A howler monkey skeleton (D:10)
  11 adders
  2 shadow imps
  An adder zombie (D:5)
  2 worms (D:2)
  2 dart slugs
  4 leopard geckos
  24 orcs
  A ball python (D:1)
  3 bats
  6 giant cockroaches
  3 goblins
  A hobgoblin (D:1)
  6 quokkas
  3 frilled lizards
  6 kobolds
  6 rats
166 creatures vanquished.

Vanquished Creatures (collateral kills)
  A yak (D:9)
  2 slaves (D:4)
  A hound (D:9)
  4 killer bees (D:9)
  A worker ant (D:9)
  4 orcs (D:9)
  A bat (D:2)
  A ball python (D:2)
  2 frilled lizards (D:2)
  A kobold (D:2)
  A rat (D:2)
19 creatures vanquished.

Vanquished Creatures (others)
  A troll (D:9)
  A yak (D:9)
  Duvessa (D:4)
  A killer bee (D:9)
  An iguana (D:4)
  A fungus (D:5)
  3 plants (D:5)
  4 toadstools (D:1)
13 creatures vanquished.

Grand Total: 198 creatures vanquished

Notes
Turn   | Place    | Note
-------+----------+-------------------------------------------
     0 | D:1      | H0rd4k the Human Artificer began the quest for the Orb.
     0 | D:1      | Reached XP level 1. HP: 15/15 MP: 3/3
   626 | D:2      | Noticed a scorpion
   637 | D:2      | Reached XP level 2. HP: 20/21 MP: 4/4
   689 | D:2      | Reached XP level 3. HP: 19/26 MP: 5/5
   785 | D:2      | Found a burning altar of Makhleb.
   954 | D:2      | Killed a scorpion
   954 | D:2      | Reached skill level 1 in Armour
   954 | D:2      | Reached XP level 4. HP: 25/32 MP: 5/7
  1376 | D:3      | Noticed Terence
  1394 | D:3      | Killed Terence
  1394 | D:3      | Reached XP level 5. HP: 30/37 MP: 8/8
  1507 | D:3      | Reached skill level 2 in Short Blades
  2017 | D:4      | Reached XP level 6. HP: 37/44 MP: 9/9
  2297 | D:4      | Noticed a slave
  2297 | D:4      | Noticed a slave
  2313 | D:4      | Noticed Duvessa
  2316 | D:4      | Noticed Dowan
  2332 | D:4      | Killed Dowan
  2332 | D:4      | Reached skill level 3 in Short Blades
  2338 | D:4      | Killed a slave
  2343 | D:4      | Killed a slave
  2346 | D:4      | Noticed Pikel
  2347 | D:4      | Noticed a slave
  2367 | D:4      | Your ally died
  2374 | D:4      | Killed Pikel
  2374 | D:4      | Reached XP level 7. HP: 35/51 MP: 10/10
  2516 | D:4      | Found a shimmering blue altar of Sif Muna.
  2527 | D:4      | Reached skill level 4 in Short Blades
  2847 | D:4      | Reached XP level 8. HP: 52/57 MP: 11/11
  2850 | D:4      | You fall into a shaft and drop 1 floor!
  2850 | D:5      | Entered Level 5 of the Dungeon
  3251 | D:5      | Found a runed translucent gate.
  3251 | D:5      | Found a runed translucent gate.
  3251 | D:5      | Found a runed translucent gate.
  3254 | D:5      | Noticed Struensee's ghost (novice OgBe)
  3336 | D:5      | Found a staircase to the Ecumenical Temple.
  4176 | D:6      | Reached skill level 5 in Evocations
  4430 | D:6      | Reached skill level 5 in Short Blades
  5142 | Temple   | Entered the Ecumenical Temple
  5591 | D:7      | Reached XP level 9. HP: 64/64 MP: 12/12
  5645 | D:7      | Reached skill level 5 in Dodging
  5820 | D:7      | Found a sacrificial altar of Ru.
  5868 | D:7      | Got a bloodstained hunting sling
  5869 | D:7      | Identified the +2 hunting sling of Zaett {velocity, rElec
                  | rN+} (You found it on level 7 of the Dungeon)
  6385 | D:8      | Noticed a hippogriff
  6402 | D:8      | Killed a hippogriff
  6402 | D:8      | Reached skill level 6 in Short Blades
  6482 | D:8      | Found an opulent altar of Gozag.
  6547 | D:8      | Became a worshipper of Gozag Ym Sagoz the Greedy
  6831 | D:9      | Noticed a troll
  7011 | D:9      | Found a staircase to the Orcish Mines.
  7228 | D:9      | Found a blossoming altar of Fedhas.
  7257 | D:9      | Reached XP level 10. HP: 23/72 MP: 14/14
  7264 | D:10     | Entered Level 10 of the Dungeon
  7563 | D:9      | Reached skill level 7 in Short Blades
  7638 | D:9      | Reached skill level 5 in Stealth
  7664 | D:9      | Learned a level 1 spell: Beastly Appendage
  7715 | D:9      | Reached skill level 5 in Armour
  8082 | D:9      | Reached skill level 1 in Spellcasting
  8082 | D:9      | Reached skill level 1 in Transmutations
  8321 | D:9      | Noticed a two-headed hydra
  8920 | D:4      | Identified Sif Muna's Compendium of Flames
  9246 | D:10     | Noticed a komodo dragon
  9586 | D:10     | Reached skill level 5 in Fighting
 10056 | Orc:1    | Entered Level 1 of the Orcish Mines
 10388 | D:9      | Learned a level 2 spell: Sticks to Snakes
 10412 | Orc:1    | Noticed an orc knight
 10447 | D:9      | Reached skill level 8 in Short Blades
 10447 | D:9      | Reached XP level 11. HP: 80/80 MP: 16/16
 10508 | D:9      | Killed an orc knight
 11131 | Orc:1    | Noticed an orc sorcerer
 11147 | Orc:1    | Noticed a soul eater
 11153 | Orc:1    | Noticed Harold
 11154 | Orc:1    | Killed from afar by a rime drake

Levels and vault maps discovered:
D:1:      ldierk_walled_garden_2, layout_loops_ring
D:2:      layout_rooms, old_standard_altar
D:3:      layout_rooms, first_ration, uniq_terence
D:4:      layout_basic, led_sif_book, uniq_pikel, uniq_duvessa
D:5:      layout_loops_ring, minmay_temple_entry_mini_moons,
          gammafunk_ghost_nasty_kobolds, wad_floor_pattern_untrapped
D:6:      layout_basic
D:7:      layout_cave_pools, nicolae_ru_awakened_eye
D:8:      layout_loops_ring, nicolae_gozag_seed_capital
D:9:      layout_basic, overflow_temple_1_default, david_orc_2, enter_bailey_6,
          hangedman_ranch [blue_anna_fruit_fields]
D:10:     layout_stronghold, erik_lair_dragon
Temple:   minmay_crystal_spiral_temple
Orc:1:    layout_caves, portal_ice_cave_rime, uniq_harold

Skill      XL: |  1  2  3  4  5  6  7  8  9 10 11 |
---------------+----------------------------------+-----
Armour         | 1 2 3 4 5 |  5.5
Evocations     | 4 5 6 |  6.7
Dodging        | 3 4 6 7 |  7.1
Short Blades   | 2 3 4 5 6 8 |  8.3
Fighting       | 2 3 4 5 |  5.5
Stealth        | 2 3 4 5 |  5.6
Spellcasting   | 2 3 |  3.0
Transmutations | 2 |  2.4

Action                   |  1- 3 |  4- 6 |  7- 9 | 10-12 || total
-------------------------+-------+-------+-------+-------++-------
Melee: Short sword       |    67 |    25 |       |       ||    92
       Dagger            |       |    79 |   413 |   340 ||   832
       Headbutt          |       |       |       |     3 ||     3
       Kick              |       |       |       |     2 ||     2
 Cast: Beastly Appendage |       |       |       |     4 ||     4
Evoke: Wand              |     8 |    11 |    16 |    13 ||    48
  Use: Potion            |     1 |       |     2 |     5 ||     8
       Scroll            |       |     4 |     2 |    18 ||    24
 Stab: Sleeping          |     1 |     1 |     8 |     3 ||    13
       Confused          |       |       |     2 |       ||     2
       Distracted        |       |       |     2 |     1 ||     3
       Paralysed         |       |       |       |     1 ||     1
  Eat: Chunk             |       |     4 |     8 |       ||    12
       Ration            |       |       |     3 |     3 ||     6
Armor: Leather armour    |    33 |    23 |    54 |    42 ||   152
Dodge: Dodged            |    46 |    56 |   254 |   242 ||   598
